 Dungeon Sprint DCSS version 0.29.1-2-gbd0b4ee654 (webtiles) character file.

Game seed: 12414879300163399976

4769 BigDaddyOpFi the Fetichist (level 13, -11/98 HPs)
             Began as an Octopode Fighter on Nov 1, 2022.
             Was the Champion of Qazlal.
             Mangled by a rockslime (43 damage)
             ... in the Dungeon (Sprint VI: "Thunderdome").
             The game lasted 00:11:24 (1701 turns).

BigDaddyOpFi the Fetichist (Octopode Fighter)       Turns: 1701, Time: 00:11:25

Health: -11/98     AC:  8    Str: 29    XL:     13   Next: 35%
Magic:  14/24      EV: 21    Int: 25    God:    Qazlal [******]
Gold:   110        SH: 32    Dex: 20    Spells: 12/12 levels left

rFire   + + .      SeeInvis .   k - +8 broad axe (elec)
rCold   + + +      Faith    .   x - +5 kite shield of the Swamp {+Inv Dex-2 Slay+3}
rNeg    + + +      Spirit   .   y - +0 hat of the Gardener {+Inv}
rPois   +          Reflect  +   p - amulet "Plog" {Reflect +Inv rF+ Will+ SH+5}
rElec   +          Harm     .   n - ring of Xom's Malicious Joy {*Corrode Drain rF+ Will+++ AC+4}
rCorr   .          Rampage  .   o - ring of Fupn {rElec Will+ Int+6}
Will    +++++      Clarity  +   q - ring of Gyil {Wiz Dex+5 Slay+3}
Stlth   +......... NoTele   +   r - ring of Dogetay {rElec rC+ rN+ Int+3}
HPRegen 0.26/turn               s - ring "Gamoghe" {rN+ Int+2}
MPRegen 0.19/turn               t - ring "Xixt" {rPois rC+ Dex+6}
                                u - ring of Lihaimn {*Corrode rC+ rN+ Str+6 Slay+2}
                                c - ring "Donu Ara" {Fly Int+4}

@: protected from physical damage, flying, repel missiles
A: almost no armour, amphibious, 8 rings, camouflage 1, gelatinous body 1,
(nimble swimmer 1), tentacles, clarity, high MP 1, strong 1
}: 2/15 runes: decaying, gossamer
a: Renounce Religion, Evoke Invisibility, Upheaval, Elemental Force, Disaster
Area


You were in the Dungeon.
You worshipped Qazlal.
Qazlal was exalted by your worship.
You visited 1 branch You collected 2850 gold pieces.
You spent 2740 gold pieces at shops.

Inventory:

Hand Weapons
 a - a +0 war axe
 k - a +8 broad axe of electrocution (weapon)
Armour
 b - a +0 buckler
 x - the +5 kite shield of the Swamp (worn) {+Inv Dex-2 Slay+3}
   (You bought it in a shop in the Dungeon)

   Dex:       It affects your dexterity (-2).
   Slay:      It affects your accuracy & damage with ranged weapons and melee
   (+3).
   +Inv:      It lets you turn invisible.
 y - the +0 hat of the Gardener (worn) {+Inv}
   (You bought it in a shop in the Dungeon)

   +Inv:      It lets you turn invisible.
Jewellery
 c - the ring "Donu Ara" (on tentacle) {Fly Int+4}
   (You bought it in a shop in the Dungeon)

   [ring of flight]

   Int:       It affects your intelligence (+4).
   Fly:       It grants you flight.
 n - the ring of Xom's Malicious Joy (left tentacle) {*Corrode Drain rF+ Will+++ AC+4}
   (You bought it in a shop in the Dungeon)

   [ring of protection]

   AC:        It affects your AC (+4).
   rF:        It protects you from fire.
   *Corrode:  It may corrode you when you take damage.
   Drain:     It drains your maximum health when unequipped.
   Will:      It greatly increases your willpower.
 o - the ring of Fupn (right tentacle) {rElec Will+ Int+6}
   (You bought it in a shop in the Dungeon)

   [ring of intelligence]

   Int:       It affects your intelligence (+6).
   rElec:     It insulates you from electricity.
   Will:      It increases your willpower.
 p - the amulet "Plog" (around mantle) {Reflect +Inv rF+ Will+ SH+5}
   (You bought it in a shop in the Dungeon)

   [amulet of reflection]

   It reflects blocked missile attacks.
   rF:        It protects you from fire.
   +Inv:      It lets you turn invisible.
   SH:        It affects your SH (+5).
   Will:      It increases your willpower.
 q - the ring of Gyil (on tentacle) {Wiz Dex+5 Slay+3}
   (You bought it in a shop in the Dungeon)

   [ring of wizardry]

   It improves your spell success rate.
   Dex:       It affects your dexterity (+5).
   Slay:      It affects your accuracy & damage with ranged weapons and melee
   (+3).
 r - the ring of Dogetay (on tentacle) {rElec rC+ rN+ Int+3}
   (You bought it in a shop in the Dungeon)

   [ring of protection from cold]

   Int:       It affects your intelligence (+3).
   rC:        It protects you from cold.
   rElec:     It insulates you from electricity.
   rN:        It protects you from negative energy.
 s - the ring "Gamoghe" (on tentacle) {rN+ Int+2}
   (You bought it in a shop in the Dungeon)

   [ring of positive energy]

   Int:       It affects your intelligence (+2).
   rN:        It protects you from negative energy.
 t - the ring "Xixt" (on tentacle) {rPois rC+ Dex+6}
   (You bought it in a shop in the Dungeon)

   [ring of protection from cold]

   Dex:       It affects your dexterity (+6).
   rC:        It protects you from cold.
   rPois:     It protects you from poison.
 u - the ring of Lihaimn (on tentacle) {*Corrode rC+ rN+ Str+6 Slay+2}
   (You bought it in a shop in the Dungeon)

   [ring of strength]

   Str:       It affects your strength (+6).
   Slay:      It affects your accuracy & damage with ranged weapons and melee
   (+2).
   rC:        It protects you from cold.
   rN:        It protects you from negative energy.
   *Corrode:  It may corrode you when you take damage.
Wands
 h - a wand of charming (5)
Scrolls
 i - 4 scrolls of blinking
 m - 3 scrolls of fog
 v - 8 scrolls of enchant armour
Potions
 d - a potion of curing
 e - 2 potions of heal wounds
 f - 4 potions of haste
 g - 2 potions of magic
 j - a potion of resistance
 l - 2 potions of mutation


   Skills:
 + Level 12.8 Fighting
 + Level 12.5 Axes
 + Level 12.9 Dodging
 + Level 13.1 Shields
 + Level 12.1 Invocations
 + Level 16.5 Evocations


You had 12 spell levels left.
You didn't know any spells.
Your spell library was empty.

Dungeon Overview and Level Annotations

Branches:
Dungeon (1/1)

Altars:
Cheibriados
Dithmenos
Fedhas
Gozag
Kikubaaqudgha
Makhleb
Okawaru
Qazlal
Ru
Sif Muna
Trog
Uskayaw
Vehumet
Wu Jian
Xom
Yredelemnul
Zin
The Shining One
Lugonu

Shops:
D *[??*?*:[((!!!!


Innate Abilities, Weirdness & Mutations

You cannot wear most types of armour.
You are amphibious.
You can wear up to eight rings at the same time.
Your skin changes colour to match your surroundings (Stealth+).
Your rubbery body absorbs attacks. (AC +1, EV +1)
((You are camouflaged when in or above water. (Stealth+)))
You have tentacles for arms and can constrict up to eight enemies at once.
You possess an exceptional clarity of mind.
You have an increased reservoir of magic. (+10% MP)
Your muscles are strong. (Str +4, Int/Dex -1)


Message History

Qazlal accepts your kill.
You start resting.
You are no longer corroded.
You start resting.
A rockslime comes into view.
The rockslime quivers.
A rockslime is nearby!
The rockslime hits you!!
You feel protected from physical attacks.
You are shoved backwards!
You hit the rockslime.
You squeeze the rockslime, but do no damage.
The rockslime is lightly wounded.
You block the rockslime's attack. x2
You hit the rockslime but do no damage. You squeeze the rockslime!
The rockslime is lightly wounded.
The rockslime barely misses you.
You hit the rockslime but do no damage.
The rockslime is lightly wounded.
You block the rockslime's attack.
You hit the rockslime but do no damage.
You squeeze the rockslime, but do no damage.
The rockslime is lightly wounded.
You block the rockslime's attack.
You hit the rockslime.
The rockslime is lightly wounded.
The rockslime hits you!!
* * * LOW HITPOINT WARNING * * *
You hold your ground!
The rockslime closely misses you.
You feel much better. You block the rockslime's attack.
You slice the rockslime!!
The rockslime is heavily wounded.
An acid blob comes into view.
The acid blob quivers.
You block the rockslime's attack.
You hit the rockslime.
The rockslime is heavily wounded.
The rockslime jiggles.
The rockslime hits you!!!
You die...

##### ##⌠J⌠## #.....#
##§°..°## ##∩.§J.°∩##
#∩.°○@.○.∩# #....§....#
#_.)..☼...# #_.....)._#
###......).)###
#⌠.).........⌠#
######.8.........8.######
##.___..)...###......___∩##
###∩.......(8.#
#.8........∩###


You could see an acid blob and a rockslime.

Vanquished Creatures
  the Lernaean hydra (D)
  A rockslime (D)
  A quicksilver ooze (D)
  A wolf spider (D)
  A great orb of eyes (D)
  A two-headed ogre (D)
  A centaur warrior (D)
  A skeletal warrior (D)
  A flayed ghost (D)
  A wizard (D)
  A cyclops (D)
  2 manticores (D)
  A black mamba (D)
  3 rime drakes (D)
  3 tyrant leeches (D)
  3 silent spectres (D)
  5 slime creatures (D)
  A wraith (D)
  A water elemental (D)
  A basilisk (D)
  3 water moccasins (D)
  An orc warrior (D)
  3 ice beasts (D)
  5 ogres (D)
  3 phantoms (D)
  2 scorpions (D)
  2 killer bees (D)
  Jessica (D)
  An adder (D)
  An ufetubus (D)
  8 worms (D)
  2 ball pythons (D)
  A goblin (D)
  A hobgoblin (D)
  A ball python zombie (D)
  A kobold (D)
67 creatures vanquished.

Notes
Turn   | Place    | Note
-------+----------+-------------------------------------------
     0 | D        | BigDaddyOpFi the Octopode Fighter began the quest for the
                  | Orb.
     0 | D        | Reached XP level 1. HP: 16/16 MP: 1/1
     4 | D        | Found a glowing golden altar of the Shining One.
     4 | D        | Found an ornate altar of the Wu Jian Council.
     5 | D        | Found a stormy altar of Qazlal.
     5 | D        | Found a corrupted altar of Lugonu.
     5 | D        | Round 1.
     6 | D        | Found an opulent altar of Gozag.
     7 | D        | Found an ancient bone altar of Kikubaaqudgha.
     7 | D        | Found a snail-covered altar of Cheibriados.
     7 | D        | Found Ysudghup's Identification Station.
     8 | D        | Found Mosarur's Jewellery.
     8 | D        | Found Qaochel's Advanced Armour.
    17 | D        | Bought a faintly glowing lead ring for 45 gold pieces
    17 | D        | Identified the ring of Xom's Malicious Joy {*Corrode Drain
                  | rF+ Will+++ AC+4} (You bought it in a shop in the Dungeon)
    17 | D        | Bought a clouded iron ring for 45 gold pieces
    17 | D        | Identified the ring of Fupn {rElec Will+ Int+6} (You bought
                  | it in a shop in the Dungeon)
    17 | D        | Bought a clouded steel amulet for 45 gold pieces
    17 | D        | Identified the amulet "Plog" {Reflect +Inv rF+ Will+ SH+5}
                  | (You bought it in a shop in the Dungeon)
    17 | D        | Bought a glittering wooden ring for 45 gold pieces
    17 | D        | Identified the ring of Gyil {Wiz Dex+5 Slay+3} (You bought
                  | it in a shop in the Dungeon)
    41 | D        | Found a sacrificial altar of Ru.
   134 | D        | Noticed Jessica
   137 | D        | Found a radiant altar of Vehumet.
   141 | D        | Reached XP level 2. HP: 17/21 MP: 2/2
   142 | D        | Killed Jessica
   142 | D        | Arena points: 12 (+12) [x2]
   143 | D        | Reached XP level 3. HP: 22/27 MP: 3/3
   156 | D        | Found Tocynn's Magic Scroll Shop.
   157 | D        | Found Vetanysch's Magic Scroll Shop.
   157 | D        | Found Qitypsuk's Must-Have Magic.
   158 | D        | Found a glowing silver altar of Zin.
   158 | D        | Found Qinot's Staff Store.
   196 | D        | Found a basalt altar of Yredelemnul.
   209 | D        | Became a worshipper of Qazlal Stormbringer
   211 | D        | Round 2.
   212 | D        | Noticed a scorpion
   222 | D        | Killed a scorpion
   222 | D        | Noticed a scorpion
   223 | D        | Reached skill level 5 in Fighting
   223 | D        | Reached skill level 5 in Dodging
   223 | D        | Reached skill level 5 in Shields
   223 | D        | Reached skill level 3 in Evocations
   223 | D        | Reached XP level 4. HP: 28/35 MP: 4/4
   229 | D        | Killed a scorpion
   229 | D        | Reached * piety under Qazlal
   230 | D        | Reached skill level 4 in Evocations
   230 | D        | Reached XP level 5. HP: 17/39 MP: 5/5
   271 | D        | Reached skill level 5 in Evocations
   271 | D        | Arena points: 42 (+30) [x3]
   286 | D        | Round 3.
   287 | D        | Noticed an ogre
   289 | D        | Noticed an ogre
   290 | D        | Killed an ogre
   291 | D        | Reached skill level 5 in Axes
   291 | D        | Reached skill level 6 in Evocations
   291 | D        | Reached XP level 6. HP: 30/46 MP: 6/6
   294 | D        | Reached ** piety under Qazlal
   295 | D        | Reached skill level 7 in Evocations
   304 | D        | Reached skill level 8 in Evocations
   304 | D        | Found a blossoming altar of Fedhas.
   332 | D        | Noticed a two-headed ogre
   338 | D        | Killed a two-headed ogre
   339 | D        | Reached skill level 10 in Evocations
   339 | D        | Reached XP level 7. HP: 45/55 MP: 7/7
   339 | D        | Reached XP level 8. HP: 50/61 MP: 8/8
   358 | D        | Reached *** piety under Qazlal
   358 | D        | Arena points: 126 (+84) [x4]
   398 | D        | Bought a heavily runed copper ring for 45 gold pieces
   398 | D        | Identified the ring of Dogetay {rElec rC+ rN+ Int+3} (You
                  | bought it in a shop in the Dungeon)
   398 | D        | Bought a heavily runed amber ring for 45 gold pieces
   398 | D        | Identified the ring "Gamoghe" {rN+ Int+2} (You bought it in
                  | a shop in the Dungeon)
   398 | D        | Bought a heavily runed tin ring for 45 gold pieces
   398 | D        | Identified the ring "Xixt" {rPois rC+ Dex+6} (You bought it
                  | in a shop in the Dungeon)
   398 | D        | Bought a heavily runed silver ring for 45 gold pieces
   398 | D        | Identified the ring of Lihaimn {*Corrode rC+ rN+ Str+6
                  | Slay+2} (You bought it in a shop in the Dungeon)
   399 | D        | Round 4.
   408 | D        | Noticed a black mamba
   416 | D        | Reached skill level 11 in Evocations
   417 | D        | Killed a black mamba
   418 | D        | Reached **** piety under Qazlal
   419 | D        | Reached XP level 9. HP: 26/67 MP: 9/9
   428 | D        | Arena points: 286 (+160) [x5]
   429 | D        | Reached skill level 12 in Evocations
   482 | D        | Round 5.
   494 | D        | Noticed the 27-headed Lernaean hydra
   505 | D        | Killed the 27-headed Lernaean hydra
   505 | D        | Arena points: 566 (+280) [x7]
   506 | D        | Reached skill level 10 in Fighting
   506 | D        | Reached skill level 10 in Dodging
   506 | D        | Reached skill level 10 in Shields
   506 | D        | Reached skill level 14 in Evocations
   506 | D        | Reached XP level 10. HP: 76/76 MP: 10/10
   506 | D        | Got a decaying rune of Zot
   534 | D        | Reached XP level 11. HP: 75/81 MP: 10/15
   549 | D        | Bought a serpentine pewter ring for 45 gold pieces
   549 | D        | Identified the ring "Donu Ara" {Fly Int+4} (You bought it
                  | in a shop in the Dungeon)
   562 | D        | Found a shimmering altar of Xom.
   562 | D        | Found Pyach's Premium Goods.
   564 | D        | Found a shimmering blue altar of Sif Muna.
   564 | D        | Found a burning altar of Makhleb.
   564 | D        | Found Rovih's Weapon Rack.
   565 | D        | Found Wetutz's Miscellaneous Merchandise.
   565 | D        | Found Aheut's Basic Armour.
   568 | D        | Found a hide-covered altar of Uskayaw.
   573 | D        | Bought a +0 broad axe for 120 gold pieces
   578 | D        | Found an iron altar of Okawaru.
   579 | D        | Found a bloodstained altar of Trog.
   579 | D        | Found Firuhug's Do-It-Yourself Clinic.
   580 | D        | Found Iheucoabb's Bottled Wisdom.
   580 | D        | Found Carung's Distillery.
   581 | D        | Found a shadowy altar of Dithmenos.
   581 | D        | Found Yxovuk's Distillery.
   604 | D        | Bought a scroll of brand weapon for 95 gold pieces
   682 | D        | Round 6.
   740 | D        | Reached ***** piety under Qazlal
   742 | D        | Reached skill level 10 in Axes
   815 | D        | Arena points: 950 (+384) [x8]
   867 | D        | Round 7.
   952 | D        | Reached ****** piety under Qazlal
   975 | D        | Arena points: 1580 (+630) [x9]
  1001 | D        | Bought 8 scrolls of enchant weapon for 600 gold pieces
  1021 | D        | Round 8.
  1037 | D        | Bought 3 potions of heal wounds for 105 gold pieces
  1043 | D        | Noticed a skeletal warrior
  1052 | D        | Killed a skeletal warrior
  1108 | D        | Noticed a flayed ghost
  1116 | D        | Killed a flayed ghost
  1117 | D        | Reached skill level 15 in Evocations
  1169 | D        | Arena points: 2380 (+800) [x10]
  1220 | D        | Bought 3 potions of mutation for 168 gold pieces
  1220 | D        | Gained mutation: You have an increased reservoir of magic.
                  | (+10% MP) [potion of mutation]
  1220 | D        | Gained mutation: Your muscles are strong. (Str +4, Int/Dex
                  | -1) [potion of mutation]
  1220 | D        | Gained mutation: You possess an exceptional clarity of
                  | mind. [potion of mutation]
  1220 | D        | Round 9.
  1239 | D        | Noticed a cyclops
  1248 | D        | Killed a cyclops
  1280 | D        | Noticed a centaur warrior
  1283 | D        | Killed a centaur warrior
  1293 | D        | Noticed a manticore
  1293 | D        | Noticed a manticore
  1298 | D        | Killed a manticore
  1299 | D        | Killed a manticore
  1302 | D        | Reached XP level 12. HP: 76/91 MP: 19/21
  1342 | D        | Arena points: 3469 (+1089) [x11]
  1370 | D        | Bought 4 scrolls of enchant armour for 300 gold pieces
  1370 | D        | Bought 4 scrolls of enchant armour for 300 gold pieces
  1410 | D        | Round 10.
  1427 | D        | Arena points: 4769 (+1300) [x13]
  1428 | D        | Reached skill level 10 in Invocations
  1430 | D        | Got a gossamer rune of Zot
  1444 | D        | Bought a jewelled kite shield for 332 gold pieces
  1444 | D        | Identified the +5 kite shield of the Swamp {+Inv Dex-2
                  | Slay+3} (You bought it in a shop in the Dungeon)
  1444 | D        | Bought a dazzling hat for 315 gold pieces
  1444 | D        | Identified the +0 hat of the Gardener {+Inv} (You bought it
                  | in a shop in the Dungeon)
  1497 | D        | Reached XP level 13. HP: 79/97 MP: 21/23
  1640 | D        | Round 11.
  1654 | D        | Reached skill level 16 in Evocations
  1661 | D        | Noticed a quicksilver ooze
  1661 | D        | Noticed a rockslime
  1667 | D        | Killed a quicksilver ooze
  1670 | D        | Noticed a great orb of eyes
  1675 | D        | Killed a rockslime
  1680 | D        | Killed a great orb of eyes
  1690 | D        | Noticed a rockslime
  1700 | D        | Noticed an acid blob
  1701 | D        | Mangled by a rockslime

Illustrated notes

Levels and vault maps discovered:
D:        arena_sprint

Skill      XL: |  1  2  3  4  5  6  7  8  9 10 11 12 13 |
---------------+----------------------------------------+-----
Fighting       | 4 5 6 8 10 11 12 | 12.8
Axes           | 3 4 5 7 8 9 11 12 | 12.5
Dodging        | 4 5 6 8 10 12 | 12.9
Shields        | 4 5 6 8 9 10 12 13 | 13.1
Evocations     | 3 4 6 10 11 14 15 16 | 16.5
Invocations    | 6 9 11 12 | 12.1

Action                   |  1- 3 |  4- 6 |  7- 9 | 10-12 | 13-15 || total
-------------------------+-------+-------+-------+-------+-------++-------
Melee: War axe           |    13 |    14 |    23 |       |       ||    50
       Constrict         |     4 |     2 |     4 |    10 |       ||    20
       Tentacles         |     2 |     6 |     2 |    29 |    11 ||    50
       Broad axe         |       |       |       |    88 |    25 ||   113
Invok: Disaster Area     |       |       |       |       |     2 ||     2
Evoke: Wand              |       |     3 |     7 |       |       ||    10
  Use: Potion            |       |       |     3 |     6 |     1 ||    10
       Scroll            |       |       |       |     9 |       ||     9
 Stab: Invisible         |       |     1 |       |       |       ||     1
Armor: Skin              |     3 |       |     2 |       |       ||     5
Dodge: Dodged            |     7 |     3 |    19 |    33 |     8 ||    70
Block: Buckler           |     4 |     7 |    16 |    80 |       ||   107
       Reflection        |       |       |       |     6 |       ||     6
       Kite shield       |       |       |       |       |    25 ||    25
